 Dungeon Crawl Stone Soup version 0.27.1-34-g3ba077fa99 (webtiles) character file.

Game seed: 4593403112021934784

46 Eitelfritz the Sneak (level 3, 0/22 HPs)
             Began as a Kobold Brigand on Jan 12, 2022.
             Succumbed to an adder's poison
             ... on level 2 of the Dungeon.
             The game lasted 00:03:11 (1359 turns).

Eitelfritz the Sneak (Kobold Brigand)               Turns: 1359, Time: 00:03:11

Health: 0/22       AC:  3    Str:  9    XL:     3   Next: 95%
Magic:  3/3        EV: 14    Int: 12    God:
Gold:   51         SH:  0    Dex: 16    Spells: 2/2 levels left

rFire    . . .     SeeInvis .   c - +0 short sword
rCold    . . .     Faith    .   (shield restricted)
rNeg     . . .     Spirit   .   b - +0 robe
rPois    .         Reflect  .   (no helmet)
rElec    .         Harm     .   g - +0 cloak
rCorr    .         Rampage  .   (no gloves)
Will     .....                  (no boots)
Stlth    ++++......             (no amulet)
HPRegen  0.07/turn              (no ring)
MPRegen  0.08/turn              (no ring)

@: lethally poisoned (0 -> -5)
A: small, no large weapons, nightstalker 3
a: no special abilities


You were on level 2 of the Dungeon.
You visited 1 branch of the dungeon, and saw 2 of its levels.

You collected 51 gold pieces.

Inventory:

Hand Weapons
 a - a +2 dagger
 c - a +0 short sword (weapon)
Missiles
 d - 8 poisoned darts (quivered)
 e - 2 curare-tipped darts
Armour
 b - a +0 robe (worn)
 g - a +0 cloak (worn)
Scrolls
 h - 4 scrolls of teleportation {unknown}
 j - a scroll of fear {unknown}
 k - a scroll of holy word {unknown}
 l - 2 scrolls of noise {unknown}
 m - a scroll of identify {unknown}
 n - a scroll of fog {unknown}
Potions
 f - 2 potions of haste {unknown}
 i - 2 potions of might {unknown}
 o - a potion of brilliance {unknown}


   Skills:
 + Level 2.3 Fighting
 + Level 3.0 Short Blades
 + Level 2.6 Throwing
 + Level 1.5 Dodging
 + Level 6.6 Stealth


You had 2 spell levels left.
You didn't know any spells.
Your spell library was empty.

Dungeon Overview and Level Annotations

Branches:
Dungeon (2/15)

Altars:
Qazlal


Innate Abilities, Weirdness & Mutations

You are small and have problems with some larger weapons.
You are completely attuned to the shadows.


Message History

You feel sick. The adder barely misses you.
You miss the adder.
The adder is heavily wounded.
You feel sick. The adder bites you.
You closely miss the adder.
The adder is heavily wounded.
You feel sick. The adder bites you.
You hit the adder but do no damage.
The adder is heavily wounded.
You feel sick. The adder misses you. The adder barely misses you.
You hit the adder but do no damage.
The adder is heavily wounded.
You feel sick.
You are no longer poisoned.
The adder bites you but does no damage.
You closely miss the adder.
The adder is heavily wounded.
The adder barely misses you.
You hit the adder but do no damage.
The adder is heavily wounded.
The adder misses you.
You barely miss the adder.
The adder is heavily wounded.
The adder barely misses you.
You barely miss the adder.
The adder is heavily wounded.
The adder barely misses you. The adder bites you.
* * * LOW HITPOINT WARNING * * *
You miss the adder.
The adder is heavily wounded.
The adder bites you but does no damage.
You barely miss the adder.
The adder is heavily wounded.
The adder bites you.
* * * LOW HITPOINT WARNING * * *
You are lethally poisoned!
The adder poisons you!
You closely miss the adder.
The adder is heavily wounded.
You die...

...# ....##
########## .....#
####.........
.....####....########
...S@.....####
....####### ...# ..#
#. # . #


You could see an adder.

Vanquished Creatures
  2 adders (D:2)
  5 ball pythons (D:1)
  3 endoplasms (D:1)
  2 giant cockroaches (D:1)
  A hobgoblin (D:1)
  2 quokkas
  A bat (D:1)
  A frilled lizard (D:1)
  2 goblins
  6 kobolds (D:1)
  3 rats (D:1)
28 creatures vanquished.

Vanquished Creatures (others)
  4 plants (D:1)
4 creatures vanquished.

Grand Total: 32 creatures vanquished

Notes
Turn   | Place    | Note
-------+----------+-------------------------------------------
     0 | D:1      | Eitelfritz the Kobold Brigand began the quest for the Orb.
     0 | D:1      | Reached XP level 1. HP: 12/12 MP: 1/1
   232 | D:1      | Reached XP level 2. HP: 17/17 MP: 2/2
   236 | D:1      | Found a faded altar of an unknown god.
   517 | D:1      | Reached skill level 6 in Stealth
   803 | D:1      | Reached XP level 3. HP: 21/21 MP: 3/3
  1225 | D:2      | Found a stormy altar of Qazlal.
  1358 | D:2      | HP: 1/22 [adder (3)]
  1359 | D:2      | Succumbed to an adder's poison

Illustrated notes

Levels and vault maps discovered:
D:1:      nicolae_arrival_somewhat_less_tricky_arrival, layout_rooms,
          chequers_ecumenical_altar_lobes, amcnicky_mini_pool_small
D:2:      minmay_chambers_of_twos, layout_rooms, basic_altar

Skill      XL: |  1  2  3 |
---------------+----------+-----
Stealth        | 6 |  6.6
Short Blades   | 3 |  3.0
Fighting       | |  2.3
Throwing       | |  2.6
Dodging        | |  1.5

Action                   || total
-------------------------++-------
Melee: Dagger            ||    74
       Short sword       ||    17
 Stab: Sleeping          ||    13
Armor: Robe              ||    15
Dodge: Dodged            ||    46
